 Dungeon Crawl Stone Soup version 0.20-a0-1089-g3fde505 (webtiles) character file.

2482 Rrauwl the Spear-Bearer (level 9, -2/71 HPs)
             Began as a Ghoul Fighter on May 4, 2017.
             Was a Follower of Okawaru.
             Shot with an arrow by a deep elf archer (9 damage)
             ... on level 7 of the Dungeon.
             The game lasted 00:29:24 (5639 turns).

Rrauwl the Spear-Bearer (Ghoul Fighter)             Turns: 5639, Time: 00:29:24

Health: -2/71      AC: 12    Str: 21    XL:     9   Next: 52%
Magic:  0/8        EV: 12    Int:  3    God:    Okawaru [*.....]
Gold:   311        SH:  0    Dex: 10    Spells: 8/8 levels left

rFire    + . .     SeeInvis .   a - +3 halberd (freeze)
rCold    + + .     Gourm    .   (shield currently unavailable)
rNeg     + + +     Faith    .   u - +3 ring mail
rPois    ∞         Spirit   +   o - +1 helmet
rElec    .         Reflect  .   x - scarf {Spirit}
rCorr    .         Harm     .   d - +0 pair of gloves
MR       .....                  (no boots)
Stlth    ..........             (no amulet)
Regen    0.0/turn               w - ring of protection from cold
MPRegen  0.2/turn               E - ring of protection from fire

@: barbed spikes, flying, rotting, slowed, very slow
A: rotting body, claws 1, carnivore 3, cold resistance 1, negative energy
resistance 3, inhibited regeneration, torment resistance, unbreathing
a: Heroism, Renounce Religion


You were on level 7 of the Dungeon.
You worshipped Okawaru.
Okawaru was aware of your devotion.
You were not hungry.

You visited 2 branches of the dungeon, and saw 8 of its levels.
You also visited: Sewer.

You collected 311 gold pieces.

Inventory:

Hand Weapons
 a - a +3 halberd of freezing (weapon)
 b - a +0 shortbow
 A - a +4 quarterstaff of chaos
Missiles
 r - 62 arrows
Armour
 d - a +0 pair of gloves (worn)
 h - a +2 shield of protection
 o - a +1 helmet (worn)
 u - a +3 ring mail (worn)
 x - a scarf of spirit shield (worn)
Jewellery
 k - an uncursed ring of wizardry
 w - a ring of protection from cold (left hand)
 C - a +4 ring of strength
 E - a ring of protection from fire (right hand)
Wands
 y - a wand of acid (8/15)
 D - a wand of lightning (5/15)
Scrolls
 e - a scroll of blinking
 i - 4 scrolls of fear
 j - 3 scrolls of identify
 m - 2 scrolls of teleportation
 n - 3 scrolls of remove curse
 q - 3 scrolls of immolation
 z - a scroll of amnesia
 B - a scroll of enchant weapon
Books
 s - a book of Misfortune

   Spells                             Type                      Level
   a - Confusing Touch                Hexes                        1
   b - Confuse                        Hexes                        3
   c - Gell's Gravitas                Translocation                3
   d - Petrify                        Transmutation/Earth          4
   e - Metabolic Englaciation         Hexes/Ice                    5
   f - Yara's Violent Unravelling     Hexes/Transmutation          5
Comestibles
 c - 4 royal jellies
 f - 5 meat rations
 t - 5 chunks of flesh


   Skills:
 - Level 4.0 Fighting
 + Level 9.6 Polearms
 - Level 4.2 Armour
 - Level 4.0 Dodging
 - Level 4.0 Shields


You had 8 spell levels left.
You didn't know any spells.

Dungeon Overview and Level Annotations

Branches:
Dungeon (7/15)             Temple (1/1) D:6

Altars:
Ashenzari
Cheibriados
Dithmenos
Elyvilon
Fedhas
Gozag
Hepliaklqana
Kikubaaqudgha
Makhleb
Nemelex Xobeh
Okawaru
Qazlal
Ru
Sif Muna
Trog
Uskayaw
Vehumet
Wu Jian
Xom
Yredelemnul
Zin
The Shining One


Innate Abilities, Weirdness & Mutations

Your body is rotting away.
You thrive on raw meat.
You are immune to poison.
You have sharp fingernails.
You are carnivorous and can eat meat at any time.
Your flesh is cold resistant. (rC+)
You are immune to negative energy. (rN+++)
You do not regenerate when monsters are visible.
You are immune to unholy pain and torment.
You can survive without breathing.


Message History

You are too injured to fight recklessly!
The deep elf archer blinks!
The deep elf archer unwields an uncursed short sword.
The deep elf archer wields an uncursed shortbow.
The deep elf archer shoots an arrow.
The arrow hits you!
* * * LOW HITPOINT WARNING * * *
The deep elf archer shoots an arrow.
The arrow hits you!!
* * * LOW HITPOINT WARNING * * *
You feel less invigorated.
You feel less confused.
The deep elf archer blinks!
You are too injured to fight recklessly!
Attack whom?
Press: ? - help, Dir - move target cursor, f - deep elf archer
Aim: a deep elf archer, wielding a shortbow and wearing a leather armour (repelling missiles)
You reach to attack!
You puncture the deep elf archer! You freeze the deep elf archer.
The deep elf archer is moderately wounded.
The deep elf archer shoots an arrow.
The arrow hits you!
You die...

#..# #..#
#..# #..#
#..# #.e# #
#..# #.#
#.@+ #[.#.
#..###....##
#.§(...H....
#..###....##
##...###.e#.
###...###.#
###...###
###...###
###...####


You could see a deep elf archer.

Vanquished Creatures
  A manticore (D:7)
  Menkaure (D:6)
  Duvessa (D:4)
  Purgy (Sewer)
  The ghost of Serafim the Skirmisher, an amateur MiFi (D:3)
  2 sky beasts
  A centaur (D:6)
  4 ogres
  Blork the orc (D:4)
  2 bullfrogs
  Dowan (D:4)
  5 wights (D:6)
  A howler monkey (D:4)
  A bullfrog zombie (D:5)
  A crimson imp (D:6)
  A jelly (D:5)
  Crazy Yiuf (D:6)
  A hound (D:4)
  4 orc wizards
  4 worker ants
  9 adders
  A shadow imp (D:6)
  An ooze (D:4)
  2 worms
  A dart slug (D:2)
  3 leopard geckos
  31 orcs
  A ball python (D:2)
  3 giant cockroaches
  8 goblins
  5 hobgoblins
  12 jackals
  12 kobolds
  3 quokkas
  8 bats
  6 frilled lizards
  2 quokka skeletons (D:4)
  4 rats
147 creatures vanquished.

Notes
Turn   | Place    | Note
-------+----------+-------------------------------------------
     0 | D:1      | Rrauwl the Ghoul Fighter began the quest for the Orb.
     0 | D:1      | Reached XP level 1. HP: 19/19 MP: 0/0
   197 | D:1      | Reached skill level 2 in Polearms
   429 | D:1      | Reached XP level 2. HP: 26/26 MP: 1/1
   916 | D:2      | Reached XP level 3. HP: 26/31 MP: 2/2
  1182 | D:2      | Reached skill level 1 in Dodging
  1480 | D:2      | Reached XP level 4. HP: 28/40 MP: 3/3
  1816 | D:3      | Noticed Serafim's ghost (amateur MiFi)
  1835 | D:3      | Killed Serafim's ghost
  1835 | D:3      | Reached skill level 3 in Polearms
  1835 | D:3      | Reached XP level 5. HP: 24/46 MP: 4/4
  2058 | D:3      | Reached XP level 6. HP: 38/52 MP: 5/5
  2371 | D:3      | Reached skill level 4 in Polearms
  2480 | D:4      | Found a shattered altar of Ashenzari.
  2480 | D:4      | Noticed Duvessa
  2518 | D:4      | Killed Duvessa
  2518 | D:4      | Reached XP level 7. HP: 28/59 MP: 6/6
  2557 | D:4      | Noticed a two-headed ogre
  2804 | D:4      | Noticed Blork the orc
  2826 | D:4      | Killed Blork the orc
  2826 | D:4      | Reached skill level 5 in Polearms
  2872 | D:4      | Noticed Dowan
  2884 | D:4      | Killed Dowan
  3545 | D:5      | Entered Level 5 of the Dungeon
  3609 | D:4      | Reached XP level 8. HP: 39/66 MP: 5/7
  4021 | D:5      | Found a glowing drain.
  4080 | Sewer    | Entered a sewer
  4093 | Sewer    | Noticed Purgy
  4110 | Sewer    | Killed Purgy
  4110 | Sewer    | Reached skill level 6 in Polearms
  4560 | D:6      | Reached skill level 7 in Polearms
  4584 | D:6      | Noticed Menkaure
  4592 | D:6      | Killed Menkaure
  4635 | D:6      | Found a staircase to the Ecumenical Temple.
  4645 | Temple   | Entered the Ecumenical Temple
  4912 | Temple   | Became a worshipper of Warmaster Okawaru
  5037 | D:6      | Reached skill level 8 in Polearms
  5037 | D:6      | Reached XP level 9. HP: 55/71 MP: 6/8
  5276 | D:6      | Found a runed door.
  5280 | D:6      | Noticed Crazy Yiuf
  5282 | D:6      | Killed Crazy Yiuf
  5556 | D:7      | Reached skill level 9 in Polearms
  5612 | D:7      | Noticed a manticore
  5612 | D:7      | Noticed a deep elf archer
  5632 | D:7      | Killed a manticore
  5632 | D:7      | Reached * piety under Okawaru
  5637 | D:7      | HP: 2/71 [deep elf archer/arrow (15)]
  5639 | D:7      | Shot with an arrow by a deep elf archer

Vault maps used:
D:1:      ncdulo_halloftheorcs
D:2:      first_bread
D:4:      ashenzari_altar_1, uniq_blork_the_orc, uniq_duvessa
D:5:      cheibrodos_sewer_entry_bend
D:6:      minmay_temple_entry_large_hall, uniq_menkaure, uniq_crazy_yiuf_cottage
D:7:      minmay_the_grid_triangle_9x9_rhombus_thin
Temple:   nicolae_temple_the_god_donut
Sewer:    kennysheep_door_sewer

Skill      XL: |  1  2  3  4  5  6  7  8  9 |
---------------+----------------------------+-----
Polearms       | 2 3 4 5 8 9 |  9.6
Armour         | 3 4 |  4.2
Shields        | 3 4 |  4.0
Dodging        | 1 2 3 4 |  4.0
Fighting       | 4 |  4.0

Action                   |  1- 3 |  4- 6 |  7- 9 || total
-------------------------+-------+-------+-------++-------
Melee: Trident           |   153 |   218 |   400 ||   771
       Halberd           |       |       |    24 ||    24
  Use: Potion            |       |     6 |     8 ||    14
       Scroll            |       |       |    12 ||    12
 Stab: Sleeping          |       |       |     1 ||     1
  Eat: Chunk             |     2 |    15 |    31 ||    48
Armor: Scale mail        |    67 |    52 |       ||   119
       Ring mail         |       |    13 |   121 ||   134
Dodge: Dodged            |    43 |    51 |   134 ||   228
Block: Shield            |    66 |    94 |   172 ||   332
